 Dungeon Crawl Stone Soup version 0.25.1-8-g42b30a86e7 (webtiles) character file.

Game seed: 14615680868182168784

315340 DearestLeader the Executioner (level 20, -3/187 HPs)
             Began as a Minotaur Fighter on Dec 2, 2020.
             Was the Champion of Okawaru.
             Killed from afar by Bai Suzhen (4 damage)
             ... with a torrent of water
             ... on level 4 of the Shoals on Dec 3, 2020.
             The game lasted 01:58:43 (51648 turns).

DearestLeader the Executioner (Minotaur Fighter)   Turns: 51648, Time: 01:58:43

Health: -3/187     AC: 27    Str: 28    XL:     20   Next: 85%
Magic:  0/26       EV: 15    Int:  5    God:    Okawaru [******]
Gold:   3165       SH: 16    Dex: 12    Spells: 19/19 levels left

rFire    + + +     SeeInvis .   c - +2 broad axe (elec)
rCold    + . .     Gourm    .   z - +2 kite shield {rN+}
rNeg     + . .     Faith    .   w - +1 plate armour {rF+}
rPois    +         Spirit   +   g - +2 hat {MR+}
rElec    +         Reflect  .   J - scarf {rC+ rF+}
rCorr    .         Harm     .   i - +1 pair of gloves of Temperance {rElec}
MR       ++...                  B - +2 pair of boots {run}
Stlth    ..........             Z - amulet of guardian spirit
HPRegen  0.41/turn              F - ring "Ceq Win" {Wiz rF+ Slay+2}
MPRegen  0.20/turn              G - ring of poison resistance

@: lethally poisoned (-3 -> -10), afraid, barbed spikes, very slightly
contaminated, heavily drained, very slow
A: retaliatory headbutt, horns 2
}: 1/15 runes: serpentine
a: Heroism, Finesse, Renounce Religion


You were on level 4 of the Shoals.
You worshipped Okawaru.
Okawaru was exalted by your worship.
You were very hungry.

You visited 6 branches of the dungeon, and saw 35 of its levels.
You visited the Abyss 1 time.
You visited 1 bazaar.
You also visited: Ice Cave.

You collected 4185 gold pieces.
You spent 1020 gold pieces at shops.

Inventory:

Hand Weapons
 c - a +2 broad axe of electrocution (weapon)
 L - the +7 demon blade "Spiderbane" {vorpal, MR+ Str+4}
   (Okawaru gifted it to you on level 2 of the Vaults)

   It inflicts extra damage upon your enemies.
   It affects your strength (+4).
   It affects your resistance to hostile enchantments.
 N - the +6 hunting sling of Okawaru's Reproof {flame, Dex+6}
   (Okawaru gifted it to you on level 4 of the Vaults)

   It causes projectiles fired from it to burn those they strike, causing extra
   injury to most foes and up to half again as much damage against particularly
   susceptible opponents.
   It affects your dexterity (+6).
 O - a +3 vorpal eveningstar
Missiles
 x - 234 sling bullets
Armour
 g - a +2 hat of magic resistance (worn)
 i - the +1 pair of gloves of Temperance (worn) {rElec}
   (You bought it in a shop on level 2 of the Orcish Mines)

   It insulates you from electricity.
 w - a +1 plate armour of fire resistance (worn)
 z - a +2 kite shield of positive energy (worn)
 B - a +2 pair of boots of running (worn)
 J - a scarf of resistance (worn)
Jewellery
 a - an uncursed ring of protection from fire
 s - an uncursed ring of positive energy
 F - the ring "Ceq Win" (left hand) {Wiz rF+ Slay+2}
   (You bought it in a shop in a bazaar)

   [ring of wizardry]

   It improves your spell success rate.
   It affects your accuracy and damage with ranged weapons and melee attacks
   (+2).
   It protects you from fire.
 G - a ring of poison resistance (right hand)
 S - an uncursed ring of see invisible
 Z - an amulet of guardian spirit (around neck)
Wands
 l - a wand of iceblast (19)
 r - a wand of enslavement (9)
 t - a wand of digging (4)
 D - a wand of paralysis (19)
 E - a wand of random effects (20)
 M - a wand of clouds (4)
 P - a wand of acid (57)
 X - a wand of disintegration (11)
Scrolls
 b - 8 scrolls of remove curse
 k - 2 scrolls of fear
 m - 2 scrolls of enchant weapon
 n - 10 scrolls of teleportation
 p - 3 scrolls of magic mapping
 q - 6 scrolls of amnesia
 v - a scroll of summoning
 y - 8 scrolls of identify
 C - 4 scrolls of blinking
 R - 3 scrolls of holy word
 T - 3 scrolls of fog
 U - a scroll of enchant armour
 W - 2 scrolls of silence
Potions
 d - 2 potions of might
 e - 5 potions of stabbing
 h - 5 potions of ambrosia
 j - 3 potions of berserk rage
 o - 4 potions of mutation
 u - 12 potions of curing
 A - 4 potions of heal wounds
 I - 2 potions of invisibility
 K - 6 potions of haste
 Q - 3 potions of flight
 V - 4 potions of cancellation
Comestibles
 f - 55 rations


   Skills:
 + Level 17.9(15.7) Fighting
 + Level 7.9(6.2) Long Blades
 - Level 21.1(19.0) Axes
 - Level 6.0(13.2) Maces & Flails
 * Level 11.6(9.7) Slings
 + Level 20.3(18.0) Armour
 + Level 16.4(14.3) Dodging
 - Level 15.0(12.9) Shields
 - Level 10.0(8.1) Invocations


You had 19 spell levels left.
You didn't know any spells.
Your spell library contained the following spells:

 Spells                   Type           Power        Failure   Level  Hunger
 Animate Skeleton         Necr           N/A          77%         1    ##.....
 Pain                     Necr           #...         77%         1    ##.....
 Shock                    Conj/Air       #...         77%         1    ##.....
 Sting                    Tmut/Pois      #...         77%         1    ##.....
 Corpse Rot               Necr/Air       N/A          88%         2    ###....
 Ensorcelled Hibernation  Hex/Ice        #.....       88%         2    ###....
 Swiftness                Chrm/Air       #.......     88%         2    ###....
 Inner Flame              Hex/Fire       #.......     98%         3    ####...
 Recall                   Summ/Tloc      N/A          98%         3    ####...
 Static Discharge         Conj/Air       #.......     98%         3    ####...
 Stone Arrow              Conj/Erth      #.....       98%         3    ####...
 Vampiric Draining        Necr           #.........   98%         3    ####...
 Airstrike                Air            #.........   100%        4    #####..
 Animate Dead             Necr           N/A          100%        4    #####..
 Sticky Flame             Conj/Fire      #.......     100%        4    #####..
 Agony                    Necr           #.......     100%        5    ######.
 Alistair's Intoxication  Tmut/Pois      #.......     100%        5    ######.
 Aura of Abjuration       Summ           #.........   100%        5    ######.
 Bolt of Magma            Conj/Fire/Erth #.........   100%        5    ######.
 Borgnjor's Vile Clutch   Necr/Erth      #.........   100%        5    ######.
 Iskenderun's Battlesphe  Conj/Chrm      #.......     100%        5    ######.
 Lightning Bolt           Conj/Air       #.........   100%        5    ######.
 Silence                  Hex/Air        #.........   100%        5    ######.
 Summon Demon             Summ           #.........   100%        5    ######.
 Summon Forest            Summ/Tloc      #.........   100%        5    ######.
 Summon Mana Viper        Hex/Summ       #.......     100%        5    ######.
 Darkness                 Hex            #.........   100%        6    #######
 Eringya's Noxious Bog    Tmut/Pois      #.........   100%        6    #######
 Hydra Form               Tmut           #.........   100%        6    #######
 Iron Shot                Conj/Erth      #.........   100%        6    #######
 Shadow Creatures         Summ           N/A          100%        6    #######
 Starburst                Conj/Fire      #.........   100%        6    #######
 Orb of Destruction       Conj           #.........   100%        7    #######
 Spellforged Servitor     Conj/Summ      #.........   100%        7    #######
 Summon Hydra             Summ           #.........   100%        7    #######


Dungeon Overview and Level Annotations

Branches:
Dungeon (15/15)            Temple (0/1) D:7            Lair (6/6) D:8
 Shoals (4/4) Lair:3        Snake (4/4) Lair:3        Slime (0/5) Lair:5
    Orc (2/2) D:11            Elf (0/3) Orc:2        Vaults (4/5) D:14
  Crypt (0/3) Vaults:2     Depths (0/5) D:15          IceCv (visited)

Altars:
Ashenzari
Cheibriados
Dithmenos
Fedhas
Hepliaklqana
Kikubaaqudgha
Okawaru
Vehumet
Xom
Zin
The Shining One
Beogh
Jiyva

Shops:
D:4 (   D:6 ?   Orc:2 %[(!   Vaults:1 %

Annotations:
Lair:2 exclusion: oklob plant
Lair:5 3 runed translucent doors, passata's ghost, journeyman DECj
Shoals:4 Aizul; Bai Suzhen
Snake:2 2 transporters, ciphuk's ghost, journeyman FeBe
Orc:2 3 runed translucent doors, DearestLeader's ghost, journeyman DsGl; DearestLeader's ghost, journeyman MiGl; Neonpingvin's ghost, journeyman MiBe


Innate Abilities, Weirdness & Mutations

You reflexively headbutt those who attack you in melee.
You have a pair of horns on your head.


Message History

Aizul casts a spell at you. The bolt of poison hits you.
You are more poisoned.
You resist.
* * * LOW HITPOINT WARNING * * *
The sea snake bites the merfolk siren!!
The merfolk siren looks as sick as possible!
The sea snake poisons the merfolk siren!
The sea snake barely misses itself.
The manticore flicks its tail.
The volley of spikes hits you!
The barbed spikes become lodged in your body.
* * * LOW HITPOINT WARNING * * *
The merfolk throws a boomerang.
You block the boomerang.
The weapon returns to the merfolk!
The faun is engulfed in noxious fumes.
The faun hits the merfolk siren with a +0 quarterstaff!
Aizul is struck by lightning.
Bai Suzhen breathes water at you. The torrent of water hits you.
You die...

≈≈≈ #§)###.≈≈≈≈≈≈≈
≈≈.###≈c..≈≈≈≈≈≈≈≈≈≈
..≈≈≈≈cm≈≈≈≈.≈≈≈≈≈≈≈
...≈≈≈≈Sc≈≈.≈≈≈≈≈≈≈≈
..#..(§§≈mm≈≈≈≈≈≈≈≈≈
. ###.§t§§.≈≈≈≈≈≈≈≈≈
###§D§S<≈H≈≈≈≈≈≈
####.≈≈≈≈≈≈≈≈≈
##k@≈≈≈≈≈≈≈
##S≈≈≈≈≈≈≈ #.≈≈≈≈≈≈≈
.≈≈≈≈≈≈≈≈ ≈≈≈≈≈≈≈≈≈
≈≈≈≈≈≈≈≈≈≈
≈≈≈≈≈≈≈≈≈≈
≈≈≈≈≈≈≈≈≈≈≈


You could see Bai Suzhen (catching breath), Aizul, a merfolk javelineer, a satyr
(scary), 2 sea snakes, a snapping turtle, a wind drake (repels missiles), a
merfolk, 2 fauns, a manticore and a merfolk siren (confused, extremely
poisoned).

Vanquished Creatures
  Mara (Vaults:2)
  Saint Roka (Vaults:2)
  Jory (Vaults:2)
  A lich (Vaults:4)
  Rupert (Orc:2)
  Jorgrun (Snake:3)
  A tentacled starspawn (Abyss:1)
  Gastronok (Lair:3)
  2 sphinxes
  A kraken (Shoals:2)
  Agnes (D:14)
  A revenant (Vaults:2)
  An ancient champion (Vaults:2)
  11 nagarajas
  A tengu reaver (Vaults:4)
  A frost giant (Vaults:4)
  2 deep elf sorcerers
  2 orc warlords
  10 vault wardens
  23 ironheart preservers
  A ghoul (Vaults:2)
  2 very ugly things
  A stone giant (Vaults:3)
  2 entropy weavers
  A vampire knight (Vaults:2)
  Nessos (D:14)
  2 deep elf demonologists
  A deep elf annihilator (Vaults:3)
  5 deep elf death magi
  An ettin (Vaults:3)
  3 merfolk impalers
  6 yaktaur captains
  3 great orbs of eyes
  4 ice dragons
  4 rakshasas
  A merfolk avatar (Shoals:3)
  13 vault guards
  5 hydras
  14 naga warriors
  19 anacondas
  5 catoblepae
  The ghost of Gabide the Spear-Bearer, a journeyman HuGl of Zin (D:10)
  2 merfolk aquamancers
  An alligator snapping turtle (Shoals:3)
  5 centaur warriors
  A dancing weapon (Vaults:4)
  3 death knights
  17 death yaks
  A tengu warrior (D:15)
  26 two-headed ogres
  Urug (D:10)
  A queen ant (shapeshifter) (Vaults:2)
  3 deep troll shamans (Vaults:3)
  9 naga sharpshooters
  11 ogre magi
  3 deep troll earth magi
  6 shock serpents
  7 deep elf knights
  3 salamander mystics
  6 shadow wraiths
  2 wretched stars (Abyss:1)
  11 slime creatures
  A glowing orange brain (Vaults:1)
  8 sea snakes
  5 deep trolls
  2 flayed ghosts (Vaults:3)
  7 skeletal warriors
  An unseen horror (D:15)
  7 naga ritualists
  A harpy (shapeshifter) (Vaults:4)
  8 ironbrand convokers
  4 lindwurms (Lair:5)
  7 deep elf archers
  16 harpies
  20 orc knights
  4 necromancers
  14 deep elf magi
  An orb spider (shapeshifter) (D:15)
  2 mana vipers
  7 orc sorcerers
  16 ugly things
  3 wolf spiders
  9 salamanders
  9 manticores
  2 worldbinders (Abyss:1)
  3 fauns (Shoals:1)
  7 cyclopes
  14 vault sentinels
  16 guardian serpents
  6 water nymphs
  A merfolk siren (Shoals:3)
  30 black mambas
  20 naga magi
  4 ice statues (IceCv)
  5 gargoyles
  6 spiny frogs
  A spiny frog (shapeshifter) (Vaults:3)
  A rime drake (Lair:2)
  A centaur skeleton (D:11)
  39 yaktaurs
  6 komodo dragons
  8 freezing wraiths
  9 ice devils (IceCv)
  2 tengu conjurers
  A yaktaur skeleton (Vaults:4)
  A harpy zombie (Abyss:1)
  3 polar bears (Lair:5)
  6 trolls
  A polar bear (shapeshifter) (Vaults:2)
  3 meliai (D:15)
  A jumping spider (Vaults:2)
  12 merfolk
  3 raiju (Abyss:1)
  3 hornets
  3 blink frogs (Lair:4)
  6 dream sheep
  11 hippogriffs
  3 snapping turtles
  A meliai zombie (D:14)
  A shadow (D:15)
  2 redbacks (Vaults:2)
  42 yaks
  4 water elementals
  4 wraiths
  6 wyverns
  2 vampires
  2 hogs (D:7)
  8 humans
  Eustachio (D:4)
  A hog (shapeshifter) (D:15)
  A basilisk (Lair:6)
  A golden eye (shapeshifter) (Vaults:4)
  10 vampire mosquitoes
  A hungry ghost (D:11)
  2 small abominations (Abyss:1)
  2 two-headed ogre zombies (D:11)
  11 wargs
  Edmund (D:4)
  A soldier ant (D:14)
  2 acid dragons
  62 nagas
  11 water moccasins
  An ogre skeleton (Vaults:1)
  16 porcupines
  Duvessa (D:6)
  5 sky beasts
  3 ice beasts
  2 black bears
  An elf zombie (Vaults:4)
  65 orc warriors
  7 phantoms
  An eye of draining (D:13)
  A human zombie (Vaults:1)
  An ettin simulacrum (Vaults:4)
  13 centaurs
  The ghost of Clowwww the Skirmisher, an amateur DsFi (D:3)
  8 boggarts (Vaults:2)
  14 wolves
  35 ogres
  2 human skeletons
  12 crocodiles
  3 big kobolds
  14 bullfrogs
  A water moccasin zombie (D:5)
  A wyvern zombie (D:10)
  Dowan (D:6)
  2 wyvern skeletons
  6 scorpions
  6 killer bees (D:9)
  2 human simulacra
  3 troll zombies (D:11)
  7 wights
  An electric eel (Lair:1)
  3 crimson imps
  3 howler monkeys
  4 draconian simulacra (IceCv)
  2 starcursed masses (Abyss:1)
  A centaur zombie (D:7)
  2 bullfrog zombies
  7 hounds
  4 jellies
  19 orc priests
  24 orc wizards
  2 iron imps (Abyss:1)
  2 bullfrog skeletons
  2 iguanas (D:5)
  Ijyb (D:4)
  11 worker ants
  A killer bee zombie (D:7)
  2 spriggan simulacra (IceCv)
  2 troll simulacra (IceCv)
  3 ogre zombies (D:11)
  2 centaur simulacra (D:3)
  A hound skeleton (D:8)
  A howler monkey zombie (D:5)
  2 worker ant zombies
  3 gnolls (D:3)
  2 ogre simulacra (IceCv)
  15 adders
  A howler monkey skeleton (D:8)
  A hound simulacrum (D:3)
  6 shadow imps
  3 white imps (Lair:4)
  2 ufetubi (Abyss:1)
  2 oozes
  An adder zombie (D:5)
  A worm (D:3)
  3 dart slugs
  8 leopard geckos
  140 orcs
  11 bats
  12 giant cockroaches
  11 goblins
  8 hobgoblins
  6 jackals
  6 quokkas
  2 ball pythons
  6 frilled lizards
  A giant cockroach simulacrum (D:3)
  4 goblin zombies (D:11)
  4 hobgoblin zombies (D:11)
  A jackal simulacrum (D:3)
  22 kobolds
  2 leopard gecko skeletons (D:4)
  A leopard gecko zombie (D:6)
  An orc skeleton (D:11)
  15 orc zombies (D:11)
  7 rats
  3 crawling corpses (Vaults:3)
  3 fungi
  2 plants (Lair:4)
  3 starspawn tentacles (Abyss:1)
  3 tentacles (Shoals:2)
1506 creatures vanquished.

Vanquished Creatures (others)
  A two-headed ogre (Vaults:4)
  A sea snake (Shoals:4)
  A faun (Shoals:4)
  A black mamba (Snake:3)
  A human (D:14)
  An orc warrior (Vaults:2)
  A jackal skeleton (D:4)
  7 fungi
  15 plants
  A starspawn tentacle (Abyss:1)
  5 tentacles (Shoals:2)
  3 withered plants (Orc:2)
38 creatures vanquished.

Grand Total: 1544 creatures vanquished

Notes
Turn   | Place    | Note
-------+----------+-------------------------------------------
     0 | D:1      | DearestLeader the Minotaur Fighter began the quest for the
                  | Orb.
     0 | D:1      | Reached XP level 1. HP: 19/19 MP: 0/0
   180 | D:1      | Reached XP level 2. HP: 26/26 MP: 1/1
   235 | D:1      | Reached skill level 3 in Axes
   897 | D:2      | Reached XP level 3. HP: 31/31 MP: 2/2
   976 | D:2      | Found a radiant altar of Vehumet.
   987 | D:2      | Reached skill level 4 in Axes
  1170 | D:2      | Found an ancient bone altar of Kikubaaqudgha.
  1170 | D:2      | Found a faded altar of an unknown god.
  1175 | D:2      | Found a faded altar of an unknown god.
  1177 | D:2      | Found a blossoming altar of Fedhas.
  1179 | D:2      | Found a glowing golden altar of the Shining One.
  1208 | D:2      | Reached XP level 4. HP: 39/39 MP: 3/3
  1284 | D:2      | Found a shadowy altar of Dithmenos.
  1422 | D:2      | Found a snail-covered altar of Cheibriados.
  1640 | D:3      | Found a glowing silver altar of Zin.
  1668 | D:3      | Found a roughly hewn altar of Beogh.
  1680 | D:3      | Reached skill level 5 in Axes
  1680 | D:3      | Reached XP level 5. HP: 24/45 MP: 4/4
  1861 | D:3      | Noticed Clowwww's ghost (amateur DsFi)
  2029 | D:3      | Found a runed translucent gate.
  2029 | D:3      | Found a runed translucent gate.
  2029 | D:3      | Found a runed translucent gate.
  2177 | D:3      | Reached skill level 5 in Shields
  2738 | D:3      | Reached skill level 6 in Axes
  3368 | D:4      | Noticed Ijyb
  3372 | D:4      | Reached XP level 6. HP: 52/52 MP: 5/5
  3399 | D:4      | Killed Ijyb
  3432 | D:4      | Reached skill level 7 in Axes
  3650 | D:4      | Found Egucolu's Weapon Boutique.
  3694 | D:4      | Noticed Eustachio
  3714 | D:4      | Killed Eustachio
  3714 | D:4      | Reached skill level 5 in Fighting
  3714 | D:4      | Reached XP level 7. HP: 54/61 MP: 6/6
  3815 | D:4      | Noticed Edmund
  3823 | D:4      | Killed Edmund
  3823 | D:4      | Reached skill level 8 in Axes
  4149 | D:5      | Entered Level 5 of the Dungeon
  4210 | D:5      | Reached skill level 5 in Armour
  4233 | D:5      | Found an iron altar of Okawaru.
  4243 | D:5      | Became a worshipper of Warmaster Okawaru
  4308 | D:5      | Reached skill level 9 in Axes
  4313 | D:5      | Reached XP level 8. HP: 62/68 MP: 7/7
  4428 | D:5      | Reached * piety under Okawaru
  4428 | D:5      | Reached skill level 10 in Axes
  4953 | D:6      | Noticed Duvessa
  4954 | D:6      | Noticed Dowan
  4964 | D:6      | Killed Duvessa
  4965 | D:6      | Killed Dowan
  4973 | D:6      | Found Tueko's Magic Scroll Emporium.
  5006 | D:6      | Reached skill level 11 in Axes
  5131 | D:6      | Reached XP level 9. HP: 74/74 MP: 8/8
  5778 | D:7      | Reached ** piety under Okawaru
  5814 | D:7      | Found a staircase to the Ecumenical Temple.
  5824 | D:7      | Reached skill level 12 in Axes
  5945 | D:7      | Reached *** piety under Okawaru
  6084 | D:7      | Reached skill level 13 in Axes
  6330 | D:7      | Reached XP level 10. HP: 72/81 MP: 9/9
  6587 | D:8      | Found a shimmering altar of Xom.
  6587 | D:8      | Found a shimmering altar of Xom.
  6587 | D:8      | Found a shimmering altar of Xom.
  6588 | D:8      | Found a shimmering altar of Xom.
  6975 | D:8      | Reached **** piety under Okawaru
  7034 | D:8      | Noticed a death yak
  7035 | D:8      | Noticed a death yak
  7036 | D:8      | Found a staircase to the Lair.
  7036 | D:8      | Noticed a death yak
  7037 | D:8      | Noticed a death yak
  7037 | D:8      | Noticed a death yak
  7037 | D:8      | Noticed a death yak
  7044 | D:8      | Noticed a death yak
  7075 | D:7      | Killed a death yak
  7075 | D:7      | Reached skill level 14 in Axes
  7075 | D:7      | Reached skill level 10 in Armour
  7667 | D:9      | Noticed a two-headed ogre
  7686 | D:9      | Killed a two-headed ogre
  7686 | D:9      | Reached ***** piety under Okawaru
  8085 | D:9      | Found a shattered altar of Ashenzari.
  8117 | D:9      | Reached skill level 15 in Axes
  8645 | D:10     | Entered Level 10 of the Dungeon
  8728 | D:10     | Received a gift from Okawaru
  8744 | D:10     | Reached skill level 1 in Invocations
  8764 | D:10     | Reached XP level 11. HP: 73/86 MP: 9/11
  8833 | D:10     | Noticed a two-headed ogre
  8845 | D:10     | Killed a two-headed ogre
  8941 | D:10     | Noticed Urug
  8954 | D:10     | Killed Urug
  9166 | D:10     | Found a runed translucent gate.
  9167 | D:10     | Found a runed translucent gate.
  9168 | D:10     | Found a runed translucent gate.
  9170 | D:10     | Noticed Gabide's ghost (journeyman HuGl)
  9391 | D:10     | Reached skill level 1 in Maces & Flails
  9730 | D:10     | Found a roughly hewn altar of Beogh.
  9881 | D:8      | Found a shattered altar of Ashenzari.
 10254 | Lair:1   | Entered Level 1 of the Lair of Beasts
 11534 | Lair:2   | Reached skill level 5 in Maces & Flails
 11986 | Lair:2   | Received a gift from Okawaru
 12215 | Lair:2   | Noticed a catoblepas
 12245 | Lair:2   | Killed a catoblepas
 12245 | Lair:2   | Reached XP level 12. HP: 39/94 MP: 14/14
 12669 | Lair:2   | Received a gift from Okawaru
 12671 | Lair:2   | Reached skill level 16 in Axes
 12969 | Lair:3   | Reached skill level 5 in Invocations
 13264 | Lair:3   | Noticed Gastronok
 13278 | Lair:3   | Killed Gastronok
 13380 | Lair:3   | Found a staircase to the Snake Pit.
 14003 | Lair:3   | Found a staircase to the Shoals.
 15116 | Lair:4   | Noticed an ice dragon
 15132 | Lair:4   | Killed an ice dragon
 15367 | Lair:5   | Found a runed translucent gate.
 15367 | Lair:5   | Found a runed translucent gate.
 15367 | Lair:5   | Found a runed translucent gate.
 15411 | Lair:5   | Noticed a catoblepas
 15446 | Lair:5   | Killed a catoblepas
 15771 | Lair:5   | Identified a scroll of acquirement
 15772 | Lair:5   | Acquired a manual of Axes
 15844 | Lair:5   | Found a viscous altar of Jiyva.
 15845 | Lair:5   | Found a staircase to the Slime Pits.
 16133 | Lair:5   | Noticed passata's ghost (journeyman DECj)
 16193 | Lair:5   | Reached skill level 17 in Axes
 16205 | Lair:5   | Reached ****** piety under Okawaru
 16205 | Lair:5   | Received a gift from Okawaru
 16619 | Lair:5   | Noticed a seven-headed hydra
 16626 | Lair:5   | Killed a seven-headed hydra
 16626 | Lair:5   | Reached XP level 13. HP: 45/105 MP: 16/16
 17028 | Lair:5   | Reached skill level 1 in Dodging
 17035 | Lair:5   | Reached skill level 10 in Shields
 17068 | Lair:5   | Identified the Almanac of Blistering Venom
 17163 | Lair:6   | Entered Level 6 of the Lair of Beasts
 17921 | Lair:6   | Received a gift from Okawaru
 18039 | Lair:6   | Reached skill level 18 in Axes
 18602 | Lair:6   | Reached skill level 5 in Dodging
 19279 | D:8      | Found a hazy altar of Hepliaklqana.
 19338 | D:8      | Received a gift from Okawaru
 19338 | D:8      | Reached XP level 14. HP: 34/116 MP: 6/18
 19342 | D:8      | Reached skill level 19 in Axes
 19972 | D:11     | Cast into level 1 of the Abyss (gargoyle)
 20021 | Abyss:1  | Noticed a starcursed mass
 20024 | Abyss:1  | Noticed a tentacled starspawn
 20029 | Abyss:1  | Noticed a bone dragon
 20037 | Abyss:1  | Killed a tentacled starspawn
 20084 | Abyss:1  | Noticed a starcursed mass
 20097 | Abyss:1  | HP: 4/92 [starcursed mass/accursed screaming (5)]
 20114 | Abyss:1  | HP: 2/92 [starcursed mass/accursed screaming (5)]
 20691 | D:11     | Escaped the Abyss
 20916 | D:11     | Found a staircase to the Orcish Mines.
 21249 | D:11     | Lost intelligence.
 21787 | D:12     | Received a gift from Okawaru
 22527 | Orc:1    | Entered Level 1 of the Orcish Mines
 22985 | Orc:2    | Entered Level 2 of the Orcish Mines
 22995 | Orc:2    | Found a runed translucent gate.
 22995 | Orc:2    | Found a runed translucent gate.
 23006 | Orc:2    | Found a flickering gateway to a bazaar.
 23015 | Bazaar   | Entered a bazaar
 23015 | Bazaar   | Found Ycupedwa's Antique Weapon Shoppe.
 23015 | Bazaar   | Found Fezaicw's Jewellery Boutique.
 23036 | Bazaar   | Found Toedam's General Store.
 23037 | Bazaar   | Found Sasko's Antique Armour Emporium.
 23055 | Bazaar   | Found Aram's Magic Scroll Boutique.
 23096 | Bazaar   | Bought the ring "Ceq Win" {Wiz rF+ Slay+2} for 628 gold
                  | pieces
 23154 | Orc:2    | Found a runed translucent gate.
 23154 | Orc:2    | Noticed DearestLeader's ghost (journeyman DsGl)
 23154 | Orc:2    | Noticed Neonpingvin's ghost (journeyman MiBe)
 23155 | Orc:2    | Noticed DearestLeader's ghost (journeyman MiGl)
 23348 | Orc:2    | Found a roughly hewn altar of Beogh.
 23377 | Orc:2    | Reached skill level 20 in Axes
 23725 | Orc:2    | Noticed Rupert
 23740 | Orc:2    | Killed Rupert
 23802 | Orc:2    | Found a staircase to the Elven Halls.
 23885 | Orc:2    | Found Daewe's Distillery.
 23885 | Orc:2    | Found Laliezav's Antique Weapon Emporium.
 23929 | Orc:2    | Received a gift from Okawaru
 24023 | Orc:2    | Got a dazzling hunting sling {god gift}
 24029 | Orc:2    | Bought a potion of mutation for 136 gold pieces
 24074 | Orc:2    | Found Xeohokki's Antique Armour Shop.
 24074 | Orc:2    | Found Baqoih's Food Emporium.
 24082 | Orc:2    | Bought a pair of jewelled gloves for 256 gold pieces
 24093 | Orc:2    | Identified the +1 pair of gloves of Temperance {rElec} (You
                  | bought it in a shop on level 2 of the Orcish Mines)
 24775 | D:3      | Killed Clowwww's ghost
 25537 | D:13     | Noticed a cyan very ugly thing
 25546 | D:13     | Killed a cyan very ugly thing
 25603 | D:13     | Received a gift from Okawaru
 25883 | D:14     | Reached XP level 15. HP: 92/126 MP: 14/20
 26094 | D:14     | Found a frozen archway.
 26101 | IceCv    | Entered an ice cave
 26185 | IceCv    | Reached skill level 10 in Fighting
 26687 | D:14     | Noticed Agnes
 26693 | D:14     | Killed Agnes
 26777 | D:14     | Noticed Nessos
 26785 | D:14     | Killed Nessos
 26793 | D:14     | Identified the +1 hunting sling of True Grit {flame, MR-
                  | Str+8 Int+9} (Okawaru gifted it to you on level 2 of the
                  | Orcish Mines)
 26901 | D:14     | You fall into a shaft and drop 1 floor!
 26901 | D:15     | Entered Level 15 of the Dungeon
 27634 | D:15     | Received a gift from Okawaru
 28038 | D:15     | Reached skill level 15 in Armour
 28108 | D:15     | Found a staircase to the Depths.
 28584 | D:10     | Killed Gabide's ghost
 28610 | D:10     | Identified a +0 pair of boots of running (You found it on
                  | level 10 of the Dungeon)
 28875 | Snake:1  | Entered Level 1 of the Snake Pit
 28888 | Snake:1  | Got a heavily runed bone ring
 28890 | Snake:1  | Identified the ring "Sah Utiu" {*Tele rElec rN+ SInv} (You
                  | found it on level 1 of the Snake Pit)
 29834 | Snake:2  | Reached skill level 10 in Invocations
 29842 | Snake:2  | Found a transporter.
 29848 | Snake:2  | Noticed ciphuk's ghost (journeyman FeBe)
 30199 | Snake:2  | Found a transporter.
 30241 | Snake:2  | Reached skill level 10 in Dodging
 30459 | Snake:3  | Reached XP level 16. HP: 120/138 MP: 19/22
 30472 | Snake:3  | Received a gift from Okawaru
 30679 | Snake:3  | Reached skill level 1 in Slings
 31070 | Snake:3  | Received a gift from Okawaru
 31227 | Snake:3  | Found a glowing golden altar of the Shining One.
 31734 | Snake:3  | Noticed Jorgrun
 31749 | Snake:3  | Killed Jorgrun
 32200 | Snake:3  | Got a pair of translucent boots
 32210 | Snake:3  | Identified the cursed +0 pair of boots of the Comet {rC+
                  | rN+ MR+ Str-3} (You found it on level 3 of the Snake Pit)
 32573 | Snake:4  | Entered Level 4 of the Snake Pit
 32590 | Snake:4  | Received a gift from Okawaru
 33627 | Snake:4  | Received a gift from Okawaru
 34610 | Snake:4  | Received a gift from Okawaru
 34615 | Snake:4  | Reached XP level 17. HP: 113/149 MP: 18/23
 35186 | Snake:4  | Received a gift from Okawaru
 35198 | Snake:4  | Reached skill level 15 in Shields
 35664 | Snake:4  | Got a pair of transparent gloves {god gift}
 35674 | Snake:4  | Identified the +0 pair of gloves "Foaz" {-Cast rF+ rC+}
                  | (Okawaru gifted it to you on level 4 of the Snake Pit)
 36080 | Snake:4  | Got a serpentine rune of Zot
 36733 | D:14     | Found a gate to the Vaults.
 37499 | Vaults:1 | Entered Level 1 of the Vaults
 37509 | Vaults:1 | Got a smoking ivory ring
 37768 | Vaults:1 | Found Egaek's Food Emporium.
 37775 | Vaults:1 | Received a gift from Okawaru
 38406 | Vaults:1 | Identified the ring "Taid" {+Fly Int+4 Dex-2 Stlth+} (You
                  | found it on level 1 of the Vaults)
 38422 | Vaults:1 | Reached XP level 18. HP: 154/162 MP: 22/24
 38788 | Vaults:1 | Reached skill level 21 in Axes
 38791 | Vaults:1 | Reached skill level 15 in Fighting
 39922 | Vaults:2 | Received a gift from Okawaru
 39925 | Vaults:2 | Got a masterwork demon blade {god gift}
 39926 | Vaults:2 | Identified the +7 demon blade "Spiderbane" {vorpal, MR+
                  | Str+4} (Okawaru gifted it to you on level 2 of the Vaults)
 40250 | Vaults:2 | Reached skill level 1 in Long Blades
 40343 | Vaults:2 | Paralysed by a vampire knight for 4 turns
 40402 | Vaults:2 | Noticed Jory
 41021 | Vaults:2 | Killed Jory
 41122 | Vaults:2 | Found a staircase to the Crypt.
 41156 | Vaults:2 | Noticed Saint Roka
 41170 | Vaults:2 | Killed Saint Roka
 41170 | Vaults:2 | Received a gift from Okawaru
 41771 | Vaults:2 | Noticed an Ice Fiend
 42333 | Vaults:2 | Paralysed by an ogre mage for 5 turns
 42342 | Vaults:2 | HP: 3/166 [something (7)]
 42775 | Vaults:2 | Noticed Mara
 42777 | Vaults:2 | Noticed DearestLeader's illusion
 42805 | Vaults:2 | Killed Mara
 43493 | Vaults:3 | Reached XP level 19. HP: 172/172 MP: 25/25
 43508 | Vaults:3 | Received a gift from Okawaru
 43649 | Vaults:3 | Reached skill level 15 in Dodging
 43982 | Vaults:3 | Reached skill level 5 in Slings
 45071 | Vaults:3 | Received a gift from Okawaru
 45806 | Vaults:4 | Got a pair of brightly glowing gloves
 45816 | Vaults:4 | Identified the +0 pair of gloves of Insecurity {-Tele rPois
                  | rCorr Str+7} (You found it on level 4 of the Vaults)
 46141 | Vaults:4 | Received a gift from Okawaru
 46516 | Vaults:4 | Noticed a lich
 46524 | Vaults:4 | Paralysed by a lich for 5 turns
 46533 | Vaults:4 | Killed a lich
 46787 | Vaults:4 | Reached skill level 5 in Long Blades
 46873 | Vaults:4 | Reached XP level 20. HP: 157/184 MP: 22/26
 46881 | Vaults:4 | Received a gift from Okawaru
 46889 | Vaults:4 | Got a steaming hunting sling {god gift}
 46889 | Vaults:4 | Identified the +6 hunting sling of Okawaru's Reproof
                  | {flame, Dex+6} (Okawaru gifted it to you on level 4 of the
                  | Vaults)
 47428 | Vaults:4 | Reached skill level 10 in Slings
 47574 | Vaults:4 | Received a gift from Okawaru
 48874 | Shoals:1 | Entered Level 1 of the Shoals
 49438 | Shoals:1 | Identified the Volume of the Pure Suns
 50664 | Shoals:3 | Received a gift from Okawaru
 51294 | Shoals:3 | Got a transparent turquoise ring
 51296 | Shoals:3 | Identified the ring "Pubuixt" {Ice *Drain Str+6} (You found
                  | it on level 3 of the Shoals)
 51569 | Shoals:4 | Entered Level 4 of the Shoals
 51604 | Shoals:4 | Noticed Bai Suzhen
 51620 | Shoals:4 | Noticed Aizul
 51648 | Shoals:4 | HP: 9/187 [Aizul/bolt of poison (4)]
 51648 | Shoals:4 | HP: 1/187 [manticore/volley of spikes (8)]
 51648 | Shoals:4 | Killed from afar by Bai Suzhen

Illustrated notes

Levels and vault maps discovered:
D:1:      dpeg_arrival_prison, layout_loops_ring
D:2:      layout_basic, lemuel_round_altar, cheibriados_altar_1,
          chequers_temple_overflow_minitemple, vehumet_crystals,
          minmay_worlds_worst_comb
D:3:      layout_basic, overflow_temple_1_default, gammafunk_ghost_icy,
          kennysheep_orc_chapel
D:4:      layout_cave_pools, serial_shops, shop, minmay_misc_feat_ornament,
          kennysheep_cross_bottleneck, uniq_edmund, uniq_eustachio, uniq_ijyb
D:5:      layout_rooms, first_ration, okawaru_metal_pillars_1_2
D:6:      layout_loops_ring, serial_shops, nicolae_shop_behind_doors,
          kennysheep_generic_room_12, uniq_duvessa
D:7:      layout_rooms, minmay_temple_entry_overgrown, grunt_livestock,
          corexii_hall_statues_s
D:8:      layout_loops_ring, xom_redecorated, marbit_many_paths,
          dpeg_lair_monsters, basic_altar
D:9:      layout_stronghold, evilmike_ruin_ashenzari, serial_rivers,
          chequers_serial_rivers_micro_c, chequers_serial_rivers_small_b,
          chequers_serial_rivers_micro_c, chequers_serial_rivers_room_b
D:10:     layout_basic, biasface_ghost_orc_armoury, uniq_urug
D:11:     layout_loops_ring, zombieorc2_lemuel, chequers_serial_rivers_small_3
D:12:     layout_basic
D:13:     layout_roguey
D:14:     layout_roguey, ximxim_vaults_locker_room,
          portal_ice_cave_entry_pillars_1, uniq_nessos, uniq_agnes
D:15:     grunt_enter_depths_hoard, layout_cave_pools,
          chequers_serial_rivers_small_b, lightli_corner_chamber
Lair:1:   layout_regular_city, grunt_megastairs_3, serial_bayou_shore_a
Lair:2:   layout_loops_ring, serial_bayou_lagoon_a, serial_bayou_pond_a,
          chequers_serial_rivers_small_3, minmay_lair_oklob_chamber
Lair:3:   layout_regular_city, elwin_shoals_entry_rocks,
          minmay_snake_entry_guardpost_small, uniq_gastronok
Lair:4:   layout_roguey, bobbens_ice_dragon_lair
Lair:5:   layout_layer_cave, slime_altar_1, gammafunk_ghost_icy, st_stairs_10,
          minivault_19, minmay_lindwurm_lava
Lair:6:   evilmike_catoblepas_cave, layout_cave_pods, serial_bayou_pond_e
Shoals:1: layout_shoals, nicolae_shoals_arrival_archipelago
Shoals:2: layout_shoals, nicolae_shoals_circle_sea_wall
Shoals:3: cheibrodos_shoals_epimethial_gifts, layout_shoals
Shoals:4: shoals_end_hangedman, layout_shoals, lemuel_oklob_altar,
          uniq_polyphemus, uniq_bai_suzhen, uniq_aizul
Snake:1:  layout_misc_corridors, nicolae_snake_biting_tails
Snake:2:  layout_cave_town, gammafunk_ghost_berserking_beasts,
          serial_bayou_shore_b
Snake:3:  layout_cave_pods, basic_altar, grunt_ministairs_9,
          nrook_loot_triangle, chequers_hall_statues_wall_a, uniq_jorgrun
Snake:4:  grunt_snake_rune_serpentine_throne, layout_onion
Orc:1:    layout_caves, nicolae_orc_pool_cavern
Orc:2:    st_orc_town, layout_diamond_mine, gammafunk_ghost_cemetery,
          serial_shops, bzr_entry_water, uniq_rupert
Vaults:1: ontoclasm_vaults_idyll, grunt_vaults_swirl, vaults_room_octagon,
          vaults_room_pool, vaults_room_door_ring, v_misc_16,
          ontoclasm_vaults_gateway, nicolae_vaults_meeting,
          nicolae_vaults_little_squares_3, ontoclasm_vaults_decontamination,
          vaults_room_pool, dpeg_vaults_monster_box, layout_vaults_omnigrid,
          serial_shops, nicolae_shop_window_shopping
Vaults:2: nicolae_vaults_little_squares_4, v_rooms_6,
          nicolae_vaults_angled_halls, minmay_crypt_entry_simple_walls,
          v_misc_23, hangedman_vaults_trim, nicolae_vaults_specimen_jars,
          vaults_room_door_ring, hangedman_vaults_stretched_pinwheel,
          nicolae_vaults_hallways_thing, nicolae_vaults_circle_grid_b,
          v_misc_30, ontoclasm_vaults_ring_square, vaults_mumra_hex,
          layout_vaults_maze_snakey, uniq_saint_roka, uniq_mara, uniq_jory
Vaults:3: nicolae_vaults_network_square,
          vaults_standard_mumra_enter_the_diamond, ontoclasm_vaults_bender,
          v_alt_pattern_4, hangedman_vaults_restitches, v_misc_33,
          hangedman_vaults_river_flow, vaults_dpeg_encased_lava,
          nicolae_vaults_big_angled_halls, v_pattern_5, v_misc_23,
          layout_vaults_omnibox
Vaults:4: vaults_room_fours, vaults_room_pool, vaults_room_ringed_pool,
          hangedman_vaults_stagger, hangedman_vaults_nodes,
          hangedman_vaults_restitches, nicolae_vaults_inception_network,
          vaults_room_door_ring, nicolae_vaults_angled_halls,
          nicolae_vaults_little_squares_4, v_misc_13, vaults_room_fours,
          vaults_mumra_hexcomb, layout_vaults_omnicross

Skill      XL: |  1  2  3  4  5  6  7  8  9 10 11 12 13 14 15 16 17 18 19 20 |
---------------+-------------------------------------------------------------+-----
Axes           | 3 4 5 6 7 9 11 13 15 17 18 20 21 | 21.1
Shields        | 4 5 6 8 9 10 11 13 14 15 | 15.0
Armour         | 4 5 7 9 10 12 13 14 15 16 17 19 20 | 20.3
Fighting       | 4 5 7 8 9 11 13 14 16 17 | 17.9
Invocations    | 1 4 6 7 8 10 | 10.0
Maces & Flails | 6 |  6.0
Dodging        | 5 8 10 11 13 14 15 16 | 16.4
Slings         | 2 9 11 | 11.6
Long Blades    | 3 5 7 |  7.9

Action                   |  1- 3 |  4- 6 |  7- 9 | 10-12 | 13-15 | 16-18 | 19-21 || total
-------------------------+-------+-------+-------+-------+-------+-------+-------++-------
Melee: War axe           |   101 |   167 |   265 |   230 |       |       |       ||   763
       Headbutt          |    14 |    25 |    47 |   173 |   327 |   289 |   226 ||  1101
       Eveningstar       |       |       |       |   179 |     9 |     6 |       ||   194
       Broad axe         |       |       |       |   207 |  1208 |  1127 |   913 ||  3455
       Demon blade       |       |       |       |       |       |    10 |       ||    10
 Fire: Hunting sling     |       |       |       |       |       |       |    62 ||    62
Invok: Heroism           |       |       |       |     1 |     1 |     1 |     1 ||     4
       Finesse           |       |       |       |       |     1 |     2 |       ||     3
 Abil: Evoke Flight      |       |       |       |       |     2 |       |       ||     2
Evoke: Wand              |       |       |       |     1 |    31 |       |     1 ||    33
  Use: Scroll            |     4 |     4 |     4 |    10 |    18 |     6 |     3 ||    49
       Potion            |       |     1 |       |     4 |     5 |     7 |     2 ||    19
 Stab: Petrified         |       |       |       |    11 |       |       |       ||    11
       Distracted        |       |       |       |       |       |       |     1 ||     1
  Eat: Chunk             |     1 |     8 |     9 |    26 |    31 |    22 |    25 ||   122
       Ration            |       |       |       |     2 |     4 |     5 |       ||    11
Armor: Scale mail        |    34 |    54 |       |       |       |       |       ||    88
       Chain mail        |       |    14 |   133 |   288 |   324 |   228 |       ||   987
       Plate armour      |       |       |       |       |       |   218 |   267 ||   485
Dodge: Dodged            |    31 |    34 |    47 |   122 |   279 |   382 |   325 ||  1220
Block: Kite shield       |    66 |    91 |   131 |   359 |   592 |   750 |   595 ||  2584
